[ AOE2 MATCH · #482289122 ]
UnrankedPersians vs Gurjaras
[ REPLAY ANALYSIS · EXTRACTED FROM THE RECORDED GAME ]
Feudal
10:56
Castle
20:22
Imperial
36:05
| APM avg | 24.9 |
| APM peak | 104 |
| eAPM avg | 19.2 |
| Villagers / military | 198 / 267 |
Focus
⚔️ 23.1% · 🌾 76.9%
War Elephant ×216 · Trade Cart ×119 · Mangonel ×34 · Bombard Cannon ×16 · Monk ×1
Feudal
12:01
Castle
15:38
Imperial
34:51
| APM avg | 46.3 |
| APM peak | 150 |
| eAPM avg | 35.2 |
| Villagers / military | 242 / 1039 |
Focus
⚔️ 41.7% · 🌾 58.3%
Eagle Scout ×723 · Plumed Archer ×315 · Trade Cart ×200 · Mangonel ×1
Feudal
—
Castle
—
Imperial
—
| APM avg | 12.0 |
| APM peak | 30 |
| eAPM avg | 10.4 |
| Villagers / military | 196 / 230 |
Focus
⚔️ 34.2% · 🌾 65.8%
Cavalry Archer ×122 · Scout Cavalry ×56 · Trade Cart ×37 · Monaspa ×36 · Trebuchet (Packed) ×15 · Monk ×1
Feudal
12:08
Castle
19:37
Imperial
38:46
| APM avg | 18.6 |
| APM peak | 64 |
| eAPM avg | 16.5 |
| Villagers / military | 241 / 597 |
Focus
⚔️ 27.2% · 🌾 72.8%
Battle Elephant ×547 · Trade Cart ×132 · Scorpion ×50
Feudal
—
Castle
—
Imperial
—
| APM avg | 1760.2 |
| APM peak | 4366 |
| eAPM avg | 1759.7 |
| Villagers / military | 0 / 1445 |
Focus
⚔️ 30.2% · 🌾 69.8%
Chakram Thrower ×604 · Camel Scout ×560 · Scout Cavalry ×98 · Hand Cannoneer ×97 · Bombard Cannon ×45 · Mangonel ×37
Feudal
—
Castle
—
Imperial
—
| APM avg | 1253.9 |
| APM peak | 3328 |
| eAPM avg | 1252.5 |
| Villagers / military | 0 / 1006 |
Focus
⚔️ 27.1% · 🌾 72.9%
Battle Elephant ×312 · Rattan Archer ×294 · Elite Battle Elephant ×274 · Battering Ram ×37 · Bombard Cannon ×32 · Scout Cavalry ×28
Feudal
—
Castle
—
Imperial
—
| APM avg | 1598.5 |
| APM peak | 7536 |
| eAPM avg | 1597.4 |
| Villagers / military | 0 / 673 |
Focus
⚔️ 30.3% · 🌾 69.7%
Hussite Wagon ×488 · Spearman ×87 · Bombard Cannon ×38 · Trebuchet (Packed) ×26 · Battering Ram ×19 · Archer ×7
Feudal
—
Castle
—
Imperial
—
| APM avg | 1527.4 |
| APM peak | 3958 |
| eAPM avg | 1526.3 |
| Villagers / military | 0 / 1251 |
Focus
⚔️ 41.3% · 🌾 58.7%
Mangudai ×509 · Steppe Lancer ×309 · Spearman ×164 · Scout Cavalry ×159 · Battering Ram ×78 · Monk ×12
Match map
Initial resources + every placement click. Lines = walls · curves = elevation contours. ◆ gold · ⬟ stone · ● berries · ✦ relic · ◌ wall gap
Your base· ✓ Closed at 20:22 · 281t walls · no gate
AutumnDay's base· ✓ Closed at 15:38 · 0t walls · no gate
FREDWENSH's base· ✓ Closed at 25:46 · 219t walls · no gate
眾生平等器's base· ✓ Closed at 19:37 · 0t walls · no gate
's base· Open — opponent sealed themselves in
's base· Open — opponent sealed themselves in
's base· Open — opponent sealed themselves in
's base· Open — opponent sealed themselves in
Smoothed initial terrain · ◌ = detected wall gap · hover for details
Inputs per minute
— LG - - AutumnDay
Build order — LG
First 150 of 560 actions detected
| 0:01 | Create | Villager (Male) |
| 0:02 | Create | Villager (Male) |
| 0:04 | Build | House |
| 0:06 | Build | House |
| 0:18 | Create | Villager (Male) |
| 0:19 | Create | Villager (Male) |
| 0:19 | Create | Villager (Male) |
| 1:17 | Research | Loom |
| 1:38 | Build | Palisade Wall |
| 1:43 | Build | Palisade Wall |
| 1:45 | Create | Villager (Male) |
| 2:13 | Create | Villager (Male) |
| 2:37 | Create | Villager (Male) |
| 3:25 | Create | Villager (Male) |
| 3:57 | Create | Villager (Male) |
| 3:58 | Create | Villager (Male) |
| 4:15 | Create | Villager (Male) |
| 4:35 | Create | Villager (Male) |
| 4:35 | Create | Villager (Male) |
| 4:59 | Build | Palisade Wall |
| 5:17 | Create | Villager (Male) |
| 5:39 | Create | Villager (Male) |
| 6:07 | Create | Villager (Male) |
| 6:07 | Create | Villager (Male) |
| 6:26 | Build | Palisade Wall |
| 6:37 | Build | Palisade Wall |
| 7:00 | Build | Lumber Camp |
| 7:04 | Create | Villager (Male) |
| 7:19 | Create | Villager (Male) |
| 7:44 | Build | Mill |
| 7:46 | Create | Villager (Male) |
| 8:25 | Create | Villager (Male) |
| 8:53 | Research | Feudal Age |
| 9:20 | Build | Palisade Wall |
| 9:33 | Build | Palisade Wall |
| 10:07 | Build | Mining Camp |
| 10:26 | Build | Mining Camp |
| 10:51 | Create | Villager (Male) |
| 10:51 | Create | Villager (Male) |
| 10:53 | Research | Tech 1510 |
| 10:56 | Age | Feudal Age |
| 11:07 | Build | Stone Wall |
| 11:10 | Build | Stone Wall |
| 11:20 | Build | Stone Wall |
| 11:33 | Create | Villager (Male) |
| 11:45 | Build | Market |
| 11:49 | Build | Blacksmith |
| 11:54 | Create | Villager (Male) |
| 12:17 | Create | Villager (Male) |
| 12:34 | Create | Villager (Male) |
| 12:44 | Build | Stone Wall |
| 12:57 | Build | Stone Wall |
| 13:09 | Build | Farm |
| 13:10 | Build | Farm |
| 13:10 | Build | Farm |
| 13:11 | Build | Farm |
| 13:11 | Build | Farm |
| 13:12 | Build | Farm |
| 13:13 | Build | Farm |
| 13:16 | Create | Villager (Male) |
| 13:25 | Build | Farm |
| 13:27 | Create | Villager (Male) |
| 13:47 | Create | Villager (Male) |
| 13:58 | Build | Stone Wall |
| 14:04 | Create | Villager (Male) |
| 14:20 | Build | Stone Wall |
| 14:33 | Create | Villager (Male) |
| 14:43 | Build | Mill |
| 14:48 | Create | Villager (Male) |
| 14:59 | Build | Stone Wall |
| 15:36 | Build | Stone Wall |
| 15:40 | Create | Villager (Male) |
| 15:40 | Create | Villager (Male) |
| 15:44 | Create | Villager (Male) |
| 15:52 | Build | Farm |
| 16:20 | Build | Stone Wall |
| 16:24 | Create | Villager (Male) |
| 16:36 | Build | Stone Wall |
| 16:49 | Create | Villager (Male) |
| 17:18 | Build | Stone Wall |
| 17:28 | Create | Villager (Male) |
| 17:45 | Research | Castle Age |
| 18:16 | Build | Stone Wall |
| 18:28 | Build | Stone Wall |
| 18:38 | Research | Horse Collar |
| 18:40 | Research | Double-Bit Axe |
| 18:48 | Research | Stone Mining |
| 19:47 | Build | Stone Wall |
| 19:49 | Build | Stone Wall |
| 19:58 | Build | Farm |
| 19:58 | Build | Farm |
| 19:59 | Build | Farm |
| 19:59 | Build | Farm |
| 20:00 | Build | Farm |
| 20:00 | Build | Farm |
| 20:11 | Build | Stone Wall |
| 20:22 | Age | Castle Age |
| 20:24 | Create | Villager (Male) |
| 20:24 | Create | Villager (Male) |
| 20:30 | Research | Wheelbarrow |
| 20:56 | Build | University |
| 21:00 | Build | Monastery |
| 21:07 | Research | Bow Saw |
| 21:08 | Create | Villager (Male) |
| 21:16 | Build | Town Center |
| 21:21 | Research | Heavy Plow |
| 21:33 | Build | Stone Wall |
| 21:35 | Build | Stone Wall |
| 21:40 | Build | Stone Wall |
| 21:48 | Build | Stone Wall |
| 21:51 | Build | Stone Wall |
| 21:57 | Research | Fortified Wall (upgrade) |
| 22:18 | Create | Villager (Male) |
| 22:18 | Create | Villager (Male) |
| 22:18 | Create | Villager (Male) |
| 22:32 | Create | Monk |
| 22:54 | Create | Villager (Male) |
| 23:16 | Build | Town Center |
| 23:21 | Create | Villager (Male) |
| 23:21 | Create | Villager (Male) |
| 23:24 | Create | Villager (Male) |
| 23:24 | Create | Villager (Male) |
| 23:38 | Build | Stone Wall |
| 23:43 | Build | Stone Wall |
| 24:09 | Research | Devotion |
| 24:10 | Create | Villager (Male) |
| 24:11 | Create | Villager (Male) |
| 24:12 | Create | Villager (Male) |
| 24:12 | Create | Villager (Male) |
| 24:27 | Build | Town Center |
| 24:31 | Create | Villager (Male) |
| 24:32 | Create | Villager (Male) |
| 24:33 | Create | Villager (Male) |
| 24:35 | Create | Villager (Male) |
| 24:37 | Create | Villager (Male) |
| 24:39 | Create | Villager (Male) |
| 25:10 | Build | Stone Wall |
| 25:22 | Create | Villager (Male) |
| 25:32 | Create | Villager (Male) |
| 25:34 | Create | Villager (Male) |
| 25:35 | Create | Villager (Male) |
| 25:37 | Create | Villager (Male) |
| 25:56 | Create | Villager (Male) |
| 26:01 | Build | Farm |
| 26:01 | Build | Farm |
| 26:02 | Build | Farm |
| 26:03 | Build | Farm |
| 26:04 | Build | Farm |
| 26:05 | Build | Farm |
| 26:06 | Build | Farm |
Build order — AutumnDay
First 150 of 795 actions detected
| 0:02 | Research | Loom |
| 0:02 | Create | Villager (Male) |
| 0:03 | Build | House |
| 0:04 | Build | House |
| 0:41 | Create | Villager (Male) |
| 0:56 | Create | Villager (Male) |
| 0:56 | Create | Villager (Male) |
| 1:36 | Create | Villager (Male) |
| 1:36 | Create | Villager (Male) |
| 1:36 | Create | Villager (Male) |
| 2:03 | Create | Villager (Male) |
| 2:26 | Build | Lumber Camp |
| 2:44 | Create | Villager (Male) |
| 2:45 | Create | Villager (Male) |
| 2:45 | Create | Villager (Male) |
| 3:16 | Create | Villager (Male) |
| 3:16 | Create | Villager (Male) |
| 4:08 | Create | Villager (Male) |
| 4:08 | Create | Villager (Male) |
| 4:33 | Create | Villager (Male) |
| 4:34 | Create | Villager (Male) |
| 4:34 | Create | Villager (Male) |
| 4:37 | Build | Mill |
| 4:54 | Create | Villager (Male) |
| 4:55 | Create | Villager (Male) |
| 4:55 | Create | Villager (Male) |
| 5:26 | Create | Villager (Male) |
| 5:45 | Create | Villager (Male) |
| 5:45 | Create | Villager (Male) |
| 6:16 | Create | Villager (Male) |
| 6:33 | Create | Villager (Male) |
| 7:07 | Create | Villager (Male) |
| 7:11 | Build | Mining Camp |
| 7:36 | Create | Villager (Male) |
| 7:53 | Create | Villager (Male) |
| 8:04 | Build | Mining Camp |
| 8:26 | Create | Villager (Male) |
| 8:38 | Build | Farm |
| 8:51 | Create | Villager (Male) |
| 8:54 | Build | Farm |
| 9:20 | Build | Farm |
| 9:26 | Create | Villager (Male) |
| 9:47 | Research | Feudal Age |
| 9:47 | Research | Feudal Age |
| 9:54 | Build | Farm |
| 11:27 | Create | Villager (Male) |
| 12:01 | Age | Feudal Age |
| 12:02 | Build | Blacksmith |
| 12:03 | Build | Market |
| 12:12 | Create | Villager (Male) |
| 12:31 | Build | Farm |
| 12:54 | Build | Farm |
| 12:58 | Research | Castle Age |
| 12:58 | Research | Castle Age |
| 13:34 | Build | Lumber Camp |
| 13:49 | Research | Double-Bit Axe |
| 13:50 | Research | Horse Collar |
| 13:51 | Research | Horse Collar |
| 13:51 | Research | Horse Collar |
| 13:51 | Research | Horse Collar |
| 15:17 | Create | Villager (Male) |
| 15:38 | Age | Castle Age |
| 15:39 | Build | Town Center |
| 15:45 | Build | Town Center |
| 15:58 | Create | Villager (Male) |
| 16:17 | Create | Villager (Male) |
| 16:31 | Create | Villager (Male) |
| 17:12 | Create | Villager (Male) |
| 17:14 | Create | Villager (Male) |
| 17:18 | Create | Villager (Male) |
| 17:23 | Build | Farm |
| 17:27 | Create | Villager (Male) |
| 17:28 | Create | Villager (Male) |
| 17:29 | Create | Villager (Male) |
| 17:45 | Build | Farm |
| 17:48 | Build | Farm |
| 17:53 | Create | Villager (Male) |
| 17:54 | Create | Villager (Male) |
| 17:55 | Create | Villager (Male) |
| 18:06 | Build | Farm |
| 18:15 | Build | Farm |
| 18:17 | Create | Villager (Male) |
| 18:17 | Create | Villager (Male) |
| 18:18 | Create | Villager (Male) |
| 18:31 | Build | Farm |
| 18:35 | Create | Villager (Male) |
| 18:37 | Create | Villager (Male) |
| 18:38 | Create | Villager (Male) |
| 18:40 | Research | Heavy Plow |
| 18:43 | Build | Farm |
| 19:04 | Build | Farm |
| 19:07 | Build | Farm |
| 19:09 | Create | Villager (Male) |
| 19:10 | Create | Villager (Male) |
| 19:10 | Create | Villager (Male) |
| 19:22 | Create | Villager (Male) |
| 19:28 | Build | Farm |
| 19:32 | Create | Villager (Male) |
| 19:33 | Create | Villager (Male) |
| 19:39 | Build | Town Center |
| 19:47 | Build | Farm |
| 19:53 | Build | Farm |
| 19:55 | Create | Villager (Male) |
| 19:56 | Create | Villager (Male) |
| 19:56 | Create | Villager (Male) |
| 20:07 | Build | Farm |
| 20:12 | Build | Farm |
| 20:18 | Build | Farm |
| 20:20 | Create | Villager (Male) |
| 20:21 | Create | Villager (Male) |
| 20:22 | Create | Villager (Male) |
| 20:39 | Build | Farm |
| 20:39 | Build | Farm |
| 20:40 | Build | Farm |
| 20:41 | Build | Farm |
| 20:41 | Build | Farm |
| 20:42 | Build | Farm |
| 20:49 | Create | Villager (Male) |
| 20:51 | Create | Villager (Male) |
| 20:52 | Create | Villager (Male) |
| 20:53 | Create | Villager (Male) |
| 20:58 | Build | Farm |
| 21:10 | Create | Villager (Male) |
| 21:18 | Build | Farm |
| 21:21 | Build | Farm |
| 21:23 | Create | Villager (Male) |
| 21:23 | Create | Villager (Male) |
| 21:24 | Create | Villager (Male) |
| 21:31 | Build | Farm |
| 21:36 | Create | Villager (Male) |
| 21:41 | Create | Villager (Male) |
| 21:42 | Create | Villager (Male) |
| 21:48 | Build | Farm |
| 21:50 | Create | Villager (Male) |
| 21:54 | Create | Villager (Male) |
| 21:56 | Create | Villager (Male) |
| 22:06 | Build | Farm |
| 22:07 | Create | Villager (Male) |
| 22:08 | Create | Villager (Male) |
| 22:09 | Create | Villager (Male) |
| 22:12 | Build | Farm |
| 22:15 | Create | Villager (Male) |
| 22:26 | Build | Town Center |
| 22:29 | Create | Villager (Male) |
| 22:30 | Create | Villager (Male) |
| 22:30 | Create | Villager (Male) |
| 22:32 | Create | Villager (Male) |
| 22:50 | Create | Villager (Male) |
| 22:51 | Create | Villager (Male) |
| 22:52 | Create | Villager (Male) |
Build order — FREDWENSH
First 150 of 359 actions detected
| 0:02 | Create | Villager (Male) ×4 |
| 0:11 | Build | House |
| 0:12 | Build | House |
| 0:14 | Build | House |
| 0:18 | Build | Mill |
| 0:43 | Research | Loom |
| 1:08 | Build | Palisade Wall |
| 2:43 | Research | Tech 1510 |
| 2:46 | Create | Villager (Male) |
| 3:20 | Create | Villager (Male) |
| 4:05 | Create | Villager (Male) |
| 4:06 | Create | Villager (Male) |
| 4:18 | Build | Palisade Wall |
| 4:29 | Create | Villager (Male) |
| 4:54 | Create | Villager (Male) |
| 5:11 | Create | Villager (Male) |
| 5:40 | Create | Villager (Male) |
| 5:54 | Create | Villager (Male) |
| 6:01 | Build | Palisade Wall |
| 6:17 | Create | Villager (Male) |
| 6:22 | Create | Villager (Male) |
| 7:06 | Create | Villager (Male) |
| 7:08 | Create | Villager (Male) |
| 7:39 | Build | Palisade Wall |
| 9:30 | Research | Feudal Age |
| 9:37 | Build | Palisade Wall |
| 10:01 | Build | House |
| 10:03 | Build | House |
| 10:05 | Build | House |
| 10:07 | Build | House |
| 10:11 | Create | Villager (Male) ×4 |
| 10:26 | Build | Mule Cart |
| 10:29 | Create | Villager (Male) ×2 |
| 10:56 | Build | Mule Cart |
| 12:02 | Build | Stone Wall |
| 12:18 | Build | House |
| 12:19 | Build | House |
| 12:24 | Build | House |
| 12:25 | Build | House |
| 12:28 | Create | Villager (Male) |
| 13:00 | Build | Stone Wall |
| 13:41 | Create | Villager (Male) ×5 |
| 13:57 | Build | Stone Wall |
| 14:24 | Build | House |
| 14:25 | Build | House |
| 14:26 | Build | House |
| 14:27 | Build | House |
| 14:38 | Build | Stone Wall |
| 14:48 | Research | Double-Bit Axe |
| 14:48 | Research | Gold Mining |
| 14:48 | Research | Stone Mining |
| 14:52 | Create | Villager (Male) ×3 |
| 15:07 | Build | Farm |
| 15:09 | Build | Farm |
| 15:14 | Build | Mule Cart |
| 15:22 | Build | Stone Wall |
| 15:33 | Build | Farm |
| 16:01 | Build | Stone Wall |
| 16:04 | Create | Villager (Male) |
| 16:21 | Build | Blacksmith |
| 16:23 | Build | Barracks |
| 16:35 | Build | Farm |
| 16:44 | Build | Stone Wall |
| 16:51 | Build | Farm |
| 16:54 | Build | Farm |
| 16:55 | Build | Farm |
| 16:57 | Build | Farm |
| 16:59 | Build | Farm |
| 17:03 | Build | Farm |
| 17:24 | Build | Stone Wall |
| 17:30 | Create | Villager (Male) |
| 17:30 | Create | Villager (Male) |
| 17:30 | Create | Villager (Male) |
| 17:45 | Build | Market |
| 18:05 | Create | Villager (Male) |
| 18:05 | Create | Villager (Male) |
| 18:06 | Create | Villager (Male) |
| 18:13 | Build | Farm |
| 18:17 | Build | Farm |
| 18:20 | Build | Farm |
| 18:21 | Build | Farm |
| 18:23 | Build | Farm |
| 18:25 | Build | Farm |
| 18:32 | Build | Stone Wall |
| 18:45 | Research | Horse Collar |
| 19:40 | Build | Stone Wall |
| 19:44 | Build | Stone Wall |
| 19:57 | Create | Villager (Male) ×4 |
| 20:18 | Build | Stone Wall |
| 21:07 | Build | Farm |
| 21:08 | Build | Farm |
| 21:09 | Build | Farm |
| 21:10 | Build | Farm |
| 21:12 | Build | Farm |
| 21:14 | Create | Villager (Male) |
| 21:31 | Build | Stone Wall |
| 21:39 | Build | Stone Wall |
| 22:36 | Build | Stone Wall |
| 22:50 | Create | Villager (Male) ×5 |
| 22:51 | Create | Villager (Male) ×5 |
| 22:51 | Create | Villager (Male) ×5 |
| 23:01 | Build | Mule Cart |
| 23:14 | Build | Stone Wall |
| 23:33 | Build | Stone Wall |
| 23:52 | Research | Wheelbarrow |
| 24:46 | Build | Farm |
| 24:55 | Build | Stone Wall |
| 25:16 | Build | Stone Wall |
| 25:46 | Research | Castle Age |
| 25:48 | Create | Villager (Male) ×5 |
| 25:48 | Create | Villager (Male) ×5 |
| 25:49 | Create | Villager (Male) ×5 |
| 26:44 | Build | Stone Wall |
| 26:56 | Build | Stone Wall |
| 27:58 | Build | Stone Wall |
| 28:29 | Build | Town Center |
| 28:37 | Build | Town Center |
| 28:45 | Build | Town Center |
| 28:51 | Research | Bow Saw |
| 28:51 | Research | Stone Shaft Mining |
| 28:53 | Research | Heavy Plow |
| 29:04 | Build | University |
| 29:12 | Build | Stone Wall |
| 29:14 | Build | Stone Wall |
| 29:37 | Build | Monastery |
| 29:45 | Research | Wheelbarrow |
| 29:49 | Research | Fortified Wall (upgrade) |
| 30:22 | Research | Masonry |
| 30:32 | Create | Villager (Male) ×5 |
| 30:35 | Create | Monk |
| 30:40 | Create | Villager (Male) ×5 |
| 31:15 | Create | Villager (Male) ×5 |
| 31:31 | Build | Farm |
| 31:32 | Build | Farm |
| 32:16 | Build | Farm |
| 32:18 | Build | Farm |
| 32:21 | Create | Villager (Male) ×5 |
| 32:41 | Build | Stone Wall |
| 32:46 | Create | Villager (Male) ×5 |
| 32:50 | Build | Farm |
| 32:53 | Build | Farm |
| 33:04 | Build | Castle |
| 33:30 | Build | Farm |
| 33:33 | Build | Farm |
| 33:34 | Build | Farm |
| 33:36 | Build | Farm |
| 33:37 | Build | Farm |
| 33:40 | Create | Villager (Male) ×5 |
| 33:46 | Research | Imperial Age |
| 33:48 | Create | Villager (Male) ×2 |
Build order — 眾生平等器
First 150 of 635 actions detected
| 0:03 | Create | Villager (Male) |
| 0:04 | Create | Villager (Male) |
| 0:04 | Create | Villager (Male) |
| 0:04 | Create | Villager (Male) |
| 0:07 | Build | House |
| 0:09 | Build | House |
| 1:32 | Create | Villager (Male) |
| 2:10 | Create | Villager (Male) |
| 2:31 | Create | Villager (Male) |
| 3:01 | Create | Villager (Male) |
| 3:25 | Create | Villager (Male) |
| 3:36 | Create | Villager (Male) |
| 3:54 | Create | Villager (Male) |
| 4:14 | Create | Villager (Male) |
| 4:20 | Create | Villager (Male) |
| 4:30 | Build | Lumber Camp |
| 5:08 | Create | Villager (Male) |
| 5:08 | Create | Villager (Male) |
| 5:14 | Build | Mill |
| 5:20 | Create | Villager (Male) |
| 5:21 | Create | Villager (Male) |
| 6:19 | Create | Villager (Male) |
| 6:19 | Create | Villager (Male) |
| 8:14 | Create | Villager (Male) |
| 8:42 | Create | Villager (Male) |
| 9:17 | Create | Villager (Male) |
| 9:58 | Research | Feudal Age |
| 10:34 | Build | Mining Camp |
| 12:08 | Age | Feudal Age |
| 12:10 | Research | Loom |
| 12:21 | Create | Villager (Male) |
| 12:41 | Research | Double-Bit Axe |
| 13:26 | Create | Villager (Male) |
| 13:27 | Create | Villager (Male) |
| 13:32 | Build | Farm |
| 13:32 | Build | Farm |
| 13:33 | Build | Farm |
| 13:34 | Build | Farm |
| 13:34 | Build | Farm |
| 13:35 | Build | Farm |
| 13:36 | Build | Farm |
| 13:51 | Build | Market |
| 13:59 | Create | Villager (Male) |
| 14:07 | Create | Villager (Male) |
| 15:09 | Create | Villager (Male) |
| 15:10 | Create | Villager (Male) |
| 15:23 | Build | Farm |
| 16:07 | Create | Villager (Male) |
| 16:07 | Create | Villager (Male) |
| 16:14 | Build | Blacksmith |
| 16:56 | Research | Castle Age |
| 17:07 | Research | Horse Collar |
| 18:19 | Research | Stone Mining |
| 19:37 | Age | Castle Age |
| 19:42 | Create | Villager (Male) |
| 19:42 | Create | Villager (Male) |
| 19:42 | Create | Villager (Male) |
| 19:43 | Create | Villager (Male) |
| 19:47 | Build | Town Center |
| 19:52 | Build | Town Center |
| 20:00 | Create | Villager (Male) |
| 20:01 | Create | Villager (Male) |
| 20:01 | Create | Villager (Male) |
| 20:03 | Research | Bow Saw |
| 20:16 | Build | Town Center |
| 20:45 | Research | Wheelbarrow |
| 21:11 | Create | Villager (Male) |
| 21:11 | Create | Villager (Male) |
| 21:11 | Create | Villager (Male) |
| 21:11 | Create | Villager (Male) |
| 21:16 | Create | Villager (Male) |
| 21:16 | Create | Villager (Male) |
| 21:17 | Create | Villager (Male) |
| 21:22 | Build | Farm |
| 21:23 | Build | Farm |
| 21:23 | Build | Farm |
| 21:23 | Build | Farm |
| 21:25 | Build | Farm |
| 21:25 | Build | Farm |
| 21:26 | Build | Farm |
| 21:49 | Create | Villager (Male) |
| 21:50 | Create | Villager (Male) |
| 21:51 | Create | Villager (Male) |
| 21:56 | Create | Villager (Male) |
| 22:08 | Build | Farm |
| 22:09 | Build | Farm |
| 22:11 | Build | Farm |
| 22:12 | Build | Farm |
| 22:17 | Build | Farm |
| 22:20 | Create | Villager (Male) |
| 22:20 | Create | Villager (Male) |
| 22:21 | Create | Villager (Male) |
| 22:22 | Create | Villager (Male) |
| 22:42 | Create | Villager (Male) |
| 22:43 | Create | Villager (Male) |
| 22:44 | Create | Villager (Male) |
| 22:48 | Create | Villager (Male) |
| 23:00 | Create | Villager (Male) |
| 23:01 | Create | Villager (Male) |
| 23:42 | Create | Villager (Male) |
| 23:43 | Create | Villager (Male) |
| 23:44 | Create | Villager (Male) |
| 23:44 | Create | Villager (Male) |
| 23:45 | Create | Villager (Male) |
| 23:46 | Create | Villager (Male) |
| 23:52 | Build | Farm |
| 23:53 | Build | Farm |
| 23:53 | Build | Farm |
| 23:54 | Build | Farm |
| 23:57 | Build | Farm |
| 23:58 | Build | Farm |
| 23:59 | Build | Farm |
| 24:01 | Build | Farm |
| 24:02 | Build | Farm |
| 24:05 | Build | Farm |
| 24:06 | Build | Farm |
| 24:10 | Build | Farm |
| 24:17 | Build | Farm |
| 24:27 | Create | Villager (Male) |
| 24:28 | Create | Villager (Male) |
| 24:29 | Create | Villager (Male) |
| 24:29 | Create | Villager (Male) |
| 24:30 | Create | Villager (Male) |
| 24:31 | Create | Villager (Male) |
| 24:31 | Create | Villager (Male) |
| 24:35 | Build | Farm |
| 24:40 | Build | Farm |
| 24:44 | Build | Farm |
| 24:48 | Build | Farm |
| 24:49 | Create | Villager (Male) |
| 24:49 | Create | Villager (Male) |
| 24:50 | Create | Villager (Male) |
| 24:51 | Create | Villager (Male) |
| 25:03 | Create | Villager (Male) |
| 25:04 | Create | Villager (Male) |
| 25:05 | Create | Villager (Male) |
| 25:09 | Create | Villager (Male) |
| 25:15 | Build | Farm |
| 25:15 | Build | Farm |
| 25:16 | Build | Farm |
| 25:17 | Build | Farm |
| 25:18 | Build | Farm |
| 25:19 | Build | Farm |
| 25:20 | Build | Farm |
| 25:32 | Research | Gold Mining |
| 25:34 | Create | Villager (Male) |
| 25:35 | Create | Villager (Male) |
| 25:36 | Create | Villager (Male) |
| 25:36 | Create | Villager (Male) |
| 25:37 | Create | Villager (Male) |
Build order —
First 150 of 1864 actions detected
| 0:00 | Build | House |
| 0:03 | Build | House |
| 0:41 | Build | Mill |
| 2:31 | Build | Lumber Camp |
| 3:32 | Build | Lumber Camp |
| 4:33 | Build | Mill |
| 5:52 | Research | Tech None |
| 6:01 | Build | Mining Camp |
| 7:07 | Build | Farm |
| 7:13 | Build | Farm |
| 7:14 | Build | Farm |
| 7:22 | Research | Tech None |
| 7:22 | Build | Barracks |
| 9:19 | Build | Farm |
| 9:29 | Build | Farm |
| 9:42 | Build | Stable |
| 9:42 | Research | Tech None |
| 9:42 | Build | Blacksmith |
| 9:44 | Research | Tech None |
| 10:04 | Research | Tech None |
| 10:18 | Build | Farm |
| 10:29 | Build | Farm |
| 10:31 | Research | Tech None |
| 10:44 | Build | Farm |
| 11:06 | Build | Farm |
| 11:15 | Build | Farm |
| 11:20 | Build | Farm |
| 11:22 | Research | Tech None |
| 11:36 | Build | Farm |
| 11:40 | Build | Farm |
| 12:24 | Build | Stable |
| 12:45 | Build | Market |
| 13:13 | Create | Camel Scout |
| 13:25 | Build | Town Center |
| 13:38 | Research | Tech None |
| 13:39 | Create | Camel Scout |
| 13:40 | Create | Camel Scout |
| 13:42 | Research | Tech None |
| 14:01 | Research | Tech None |
| 14:55 | Build | Town Center |
| 15:12 | Research | Tech None |
| 15:40 | Build | Monastery |
| 16:17 | Build | Stable |
| 16:44 | Build | Town Center |
| 16:45 | Build | Farm |
| 17:00 | Build | Farm |
| 17:04 | Build | Farm |
| 17:18 | Build | Farm |
| 17:29 | Build | Farm |
| 17:33 | Build | Farm |
| 17:43 | Research | Tech None |
| 17:45 | Build | Farm |
| 18:04 | Build | Lumber Camp |
| 18:08 | Build | Farm |
| 18:18 | Build | Farm |
| 18:32 | Build | Farm |
| 18:34 | Build | Farm |
| 18:40 | Build | Farm |
| 18:42 | Build | Farm |
| 19:03 | Build | Stable |
| 19:10 | Research | Tech None |
| 19:18 | Build | University |
| 19:35 | Create | Camel Scout |
| 19:48 | Build | Siege Workshop |
| 19:56 | Build | Farm |
| 19:59 | Build | Farm |
| 20:12 | Research | Tech None |
| 20:12 | Build | Farm |
| 20:14 | Build | Mining Camp |
| 20:32 | Create | Camel Scout |
| 20:39 | Research | Tech None |
| 20:40 | Research | Tech None |
| 20:42 | Build | Farm |
| 20:50 | Build | Farm |
| 21:01 | Build | Farm |
| 21:01 | Create | Camel Scout |
| 21:03 | Build | Farm |
| 21:06 | Build | Farm |
| 21:07 | Create | Camel Scout |
| 21:07 | Build | Farm |
| 21:12 | Build | Farm |
| 21:21 | Build | Farm |
| 21:25 | Create | Camel Scout |
| 21:26 | Build | Farm |
| 21:28 | Build | Farm |
| 21:34 | Create | Camel Scout |
| 21:47 | Build | House |
| 21:48 | Build | House |
| 21:52 | Build | Lumber Camp |
| 22:03 | Build | Mining Camp |
| 22:06 | Build | Lumber Camp |
| 22:11 | Build | Farm |
| 22:16 | Build | Lumber Camp |
| 22:25 | Build | Lumber Camp |
| 22:30 | Build | Farm |
| 22:38 | Build | Lumber Camp |
| 22:43 | Build | Lumber Camp |
| 22:46 | Research | Tech None |
| 22:49 | Build | Lumber Camp |
| 22:52 | Build | Mining Camp |
| 22:54 | Create | Monk |
| 23:01 | Research | Tech None |
| 23:05 | Create | Camel Scout |
| 23:13 | Create | Camel Scout |
| 23:20 | Build | Stable |
| 23:23 | Create | Camel Scout |
| 23:25 | Create | Camel Scout |
| 23:28 | Create | Camel Scout |
| 23:30 | Build | Stable |
| 23:31 | Research | Tech None |
| 23:34 | Create | Camel Scout |
| 23:38 | Create | Camel Scout |
| 23:43 | Build | Stable |
| 23:43 | Build | Market |
| 23:49 | Build | Farm |
| 23:50 | Build | Farm |
| 23:52 | Create | Camel Scout |
| 23:54 | Create | Camel Scout |
| 23:55 | Build | Farm |
| 24:07 | Build | Farm |
| 24:11 | Build | Farm |
| 24:18 | Build | Farm |
| 24:25 | Create | Camel Scout |
| 24:26 | Build | Siege Workshop |
| 24:29 | Create | Camel Scout |
| 24:32 | Build | Farm |
| 24:34 | Research | Tech None |
| 24:35 | Create | Camel Scout |
| 24:36 | Create | Camel Scout |
| 24:46 | Create | Camel Scout |
| 24:54 | Create | Camel Scout |
| 24:54 | Build | Archery Range |
| 24:56 | Create | Camel Scout |
| 24:59 | Create | Camel Scout |
| 24:59 | Create | Camel Scout |
| 25:02 | Create | Camel Scout |
| 25:04 | Build | Castle |
| 25:05 | Build | Mining Camp |
| 25:07 | Create | Camel Scout |
| 25:12 | Create | Camel Scout |
| 25:12 | Create | Camel Scout |
| 25:12 | Create | Camel Scout |
| 25:12 | Create | Camel Scout |
| 25:22 | Create | Camel Scout |
| 25:25 | Build | Farm |
| 25:33 | Research | Tech None |
| 25:34 | Build | Market |
| 25:39 | Create | Camel Scout |
| 25:42 | Create | Camel Scout |
| 25:44 | Build | Farm |
Build order —
First 150 of 1403 actions detected
| 0:00 | Build | House |
| 0:03 | Build | House |
| 1:44 | Build | Lumber Camp |
| 3:30 | Build | Mill |
| 3:34 | Build | Lumber Camp |
| 5:52 | Research | Tech None |
| 6:09 | Build | Mining Camp |
| 7:07 | Build | Farm |
| 7:42 | Research | Tech None |
| 7:42 | Build | Barracks |
| 9:19 | Build | Farm |
| 9:20 | Build | Farm |
| 9:22 | Build | Farm |
| 10:07 | Build | Market |
| 10:08 | Research | Tech None |
| 10:08 | Build | Blacksmith |
| 10:08 | Research | Tech None |
| 10:08 | Build | Blacksmith |
| 10:09 | Research | Tech None |
| 10:10 | Research | Tech None |
| 10:10 | Build | Stable |
| 10:19 | Build | Farm |
| 10:21 | Build | Farm |
| 10:29 | Build | Farm |
| 10:37 | Build | Farm |
| 10:56 | Research | Tech None |
| 10:58 | Build | Farm |
| 11:20 | Build | Farm |
| 11:26 | Build | Farm |
| 11:31 | Research | Tech None |
| 11:36 | Build | Farm |
| 13:38 | Research | Tech None |
| 13:38 | Create | Knight |
| 13:38 | Create | Battle Elephant |
| 13:38 | Build | Town Center |
| 13:39 | Research | Tech None |
| 13:39 | Build | Town Center |
| 13:40 | Research | Tech None |
| 13:40 | Build | Stable |
| 14:21 | Build | Monastery |
| 14:50 | Build | Stable |
| 15:04 | Create | Battle Elephant |
| 15:28 | Create | Knight |
| 15:28 | Create | Battle Elephant |
| 15:31 | Build | Stable |
| 15:50 | Build | Farm |
| 15:56 | Build | Farm |
| 16:04 | Create | Knight |
| 16:20 | Build | Farm |
| 16:29 | Build | Farm |
| 16:40 | Build | Farm |
| 16:40 | Create | Battle Elephant |
| 16:46 | Build | Farm |
| 17:01 | Build | University |
| 17:14 | Research | Tech None |
| 17:18 | Build | Farm |
| 17:22 | Build | Farm |
| 17:35 | Build | Farm |
| 17:45 | Build | Farm |
| 17:45 | Create | Monk |
| 17:49 | Research | Tech None |
| 18:03 | Build | Lumber Camp |
| 18:03 | Build | Mining Camp |
| 18:09 | Create | Battle Elephant |
| 18:15 | Build | Farm |
| 18:16 | Build | Farm |
| 18:25 | Create | Battle Elephant |
| 18:46 | Research | Tech None |
| 18:48 | Build | Town Center |
| 18:52 | Build | Farm |
| 19:00 | Build | Farm |
| 19:04 | Build | Farm |
| 19:07 | Research | Tech None |
| 19:13 | Build | Mining Camp |
| 19:30 | Build | Farm |
| 19:41 | Build | Farm |
| 19:45 | Research | Tech None |
| 19:48 | Build | Siege Workshop |
| 19:57 | Build | Farm |
| 19:57 | Build | Farm |
| 20:01 | Create | Battle Elephant |
| 20:08 | Build | Siege Workshop |
| 20:10 | Build | Siege Workshop |
| 20:14 | Build | Farm |
| 20:22 | Build | Farm |
| 20:24 | Create | Battle Elephant |
| 20:30 | Build | Lumber Camp |
| 20:39 | Build | Farm |
| 20:39 | Create | Battle Elephant |
| 20:46 | Research | Tech None |
| 20:46 | Build | Farm |
| 20:47 | Build | Farm |
| 21:03 | Build | Siege Workshop |
| 21:04 | Build | Farm |
| 21:06 | Build | Farm |
| 21:09 | Create | Battle Elephant |
| 21:15 | Build | Farm |
| 21:16 | Build | Farm |
| 21:24 | Create | Battle Elephant |
| 21:26 | Build | Siege Workshop |
| 21:29 | Build | Farm |
| 21:38 | Build | Farm |
| 21:38 | Create | Battle Elephant |
| 21:54 | Build | Farm |
| 22:03 | Build | Mill |
| 22:04 | Create | Scout Cavalry |
| 22:05 | Build | Farm |
| 22:06 | Research | Tech None |
| 22:12 | Build | House |
| 22:13 | Build | House |
| 22:18 | Create | Scout Cavalry |
| 22:23 | Build | Mill |
| 22:26 | Build | Farm |
| 22:31 | Create | Scout Cavalry |
| 22:34 | Build | Farm |
| 22:34 | Create | Scout Cavalry |
| 22:36 | Build | Farm |
| 22:37 | Build | Farm |
| 22:41 | Research | Tech None |
| 22:45 | Build | Mining Camp |
| 22:51 | Research | Tech None |
| 22:56 | Research | Tech None |
| 22:58 | Build | Mill |
| 23:05 | Create | Battering Ram |
| 23:13 | Research | Tech None |
| 23:18 | Create | Battle Elephant |
| 23:20 | Build | Archery Range |
| 23:28 | Build | Archery Range |
| 23:43 | Create | Battle Elephant |
| 23:50 | Build | Market |
| 23:57 | Create | Battle Elephant |
| 24:03 | Create | Battle Elephant |
| 24:07 | Create | Battle Elephant |
| 24:07 | Create | Battle Elephant |
| 24:07 | Create | Battle Elephant |
| 24:10 | Build | Archery Range |
| 24:11 | Create | Battle Elephant |
| 24:11 | Build | Market |
| 24:11 | Create | Battle Elephant |
| 24:11 | Create | Battle Elephant |
| 24:11 | Create | Battle Elephant |
| 24:14 | Build | Barracks |
| 24:22 | Build | Barracks |
| 24:24 | Create | Battle Elephant |
| 24:24 | Build | Castle |
| 24:28 | Build | Market |
| 24:31 | Create | Battle Elephant |
| 24:40 | Build | Lumber Camp |
| 24:44 | Build | Barracks |
| 24:47 | Create | Battle Elephant |
Build order —
First 150 of 1055 actions detected
| 0:00 | Build | House |
| 0:03 | Build | House |
| 1:44 | Build | Lumber Camp |
| 3:30 | Build | Mill |
| 3:40 | Build | Lumber Camp |
| 5:32 | Research | Tech None |
| 5:32 | Build | Mining Camp |
| 6:28 | Build | Barracks |
| 7:07 | Create | Militia |
| 8:02 | Build | Archery Range |
| 8:03 | Research | Tech None |
| 8:04 | Research | Tech None |
| 8:08 | Build | Farm |
| 8:18 | Create | Militia |
| 8:22 | Research | Tech None |
| 8:27 | Research | Tech None |
| 8:42 | Create | Skirmisher |
| 8:42 | Build | Blacksmith |
| 8:56 | Build | Blacksmith |
| 9:11 | Build | Farm |
| 9:36 | Create | Skirmisher |
| 10:10 | Build | Archery Range |
| 10:15 | Build | Farm |
| 10:21 | Research | Tech None |
| 10:33 | Build | Farm |
| 10:41 | Build | Farm |
| 10:42 | Create | Archer |
| 10:52 | Research | Tech None |
| 10:57 | Build | Farm |
| 11:09 | Create | Archer |
| 11:40 | Create | Archer |
| 11:50 | Build | Farm |
| 12:05 | Create | Archer |
| 12:06 | Create | Archer |
| 12:15 | Research | Tech None |
| 12:16 | Build | Lumber Camp |
| 12:17 | Build | Farm |
| 12:18 | Build | Farm |
| 12:30 | Create | Archer |
| 12:43 | Build | Archery Range |
| 13:12 | Create | Archer |
| 13:16 | Build | Market |
| 14:27 | Research | Tech None |
| 15:10 | Build | Archery Range |
| 15:12 | Research | Tech None |
| 15:38 | Build | Archery Range |
| 15:58 | Research | Tech None |
| 17:08 | Research | Tech None |
| 17:08 | Research | Tech None |
| 17:09 | Research | Tech None |
| 17:09 | Build | Town Center |
| 17:16 | Research | Tech None |
| 17:16 | Build | Town Center |
| 17:49 | Research | Tech None |
| 17:49 | Build | Town Center |
| 17:56 | Build | Siege Workshop |
| 18:02 | Build | Farm |
| 18:32 | Create | Battering Ram |
| 18:32 | Build | Town Center |
| 18:45 | Build | Farm |
| 18:48 | Build | Farm |
| 19:22 | Create | Battering Ram |
| 19:22 | Build | Town Center |
| 19:33 | Build | Farm |
| 19:57 | Build | Town Center |
| 20:08 | Build | Town Center |
| 20:19 | Build | Farm |
| 20:22 | Build | Farm |
| 20:23 | Research | Tech None |
| 20:27 | Build | Farm |
| 20:35 | Build | Farm |
| 20:37 | Build | Farm |
| 20:49 | Research | Tech None |
| 20:50 | Build | University |
| 21:06 | Build | Monastery |
| 21:13 | Build | Farm |
| 21:38 | Build | Farm |
| 21:43 | Create | Monk |
| 21:43 | Build | Mining Camp |
| 21:44 | Build | Farm |
| 21:45 | Build | Farm |
| 21:46 | Build | Farm |
| 21:54 | Build | Farm |
| 22:03 | Research | Tech None |
| 22:04 | Build | Farm |
| 22:08 | Build | Farm |
| 22:14 | Build | Mining Camp |
| 22:28 | Build | Farm |
| 22:35 | Build | Stable |
| 22:49 | Research | Tech None |
| 22:52 | Build | Farm |
| 22:58 | Build | Farm |
| 23:06 | Research | Tech None |
| 23:09 | Build | Stable |
| 23:19 | Build | Farm |
| 23:23 | Build | Farm |
| 23:34 | Build | Farm |
| 23:39 | Build | Lumber Camp |
| 23:43 | Build | Farm |
| 23:49 | Build | Farm |
| 23:51 | Build | Mill |
| 23:58 | Build | Farm |
| 24:03 | Research | Tech None |
| 24:10 | Build | Farm |
| 24:10 | Build | Farm |
| 24:34 | Research | Tech None |
| 24:38 | Build | Siege Workshop |
| 25:01 | Build | Town Center |
| 25:05 | Build | House |
| 25:06 | Build | House |
| 25:06 | Build | House |
| 25:30 | Research | Tech None |
| 25:41 | Research | Tech None |
| 25:45 | Build | Farm |
| 25:47 | Build | Farm |
| 25:54 | Build | Farm |
| 25:55 | Build | Farm |
| 25:56 | Build | Farm |
| 25:58 | Build | Castle |
| 26:00 | Build | Farm |
| 26:03 | Build | Farm |
| 26:10 | Research | Tech None |
| 26:21 | Build | Farm |
| 26:34 | Build | Farm |
| 26:35 | Build | Farm |
| 26:45 | Build | Market |
| 26:46 | Build | Farm |
| 27:02 | Build | Farm |
| 27:11 | Build | Farm |
| 27:23 | Create | Hussite Wagon |
| 27:24 | Research | Tech None |
| 27:24 | Build | Farm |
| 27:39 | Create | Battering Ram |
| 27:39 | Build | Lumber Camp |
| 27:45 | Create | Battering Ram |
| 27:45 | Create | Battering Ram |
| 27:57 | Research | Tech None |
| 28:15 | Create | Battering Ram |
| 28:15 | Build | Market |
| 28:15 | Build | Barracks |
| 28:20 | Build | Barracks |
| 28:22 | Build | Barracks |
| 28:32 | Create | Battering Ram |
| 28:38 | Build | Lumber Camp |
| 28:40 | Build | Castle |
| 28:56 | Build | Mining Camp |
| 28:56 | Build | Market |
| 28:59 | Build | Barracks |
| 29:03 | Build | Barracks |
| 29:11 | Build | Barracks |
Build order —
First 150 of 1677 actions detected
| 0:00 | Build | House |
| 0:03 | Build | House |
| 1:44 | Build | Lumber Camp |
| 3:34 | Build | Mill |
| 3:35 | Build | Lumber Camp |
| 5:02 | Research | Tech None |
| 5:25 | Build | Mining Camp |
| 5:28 | Research | Tech None |
| 6:00 | Build | Barracks |
| 6:52 | Create | Militia |
| 8:03 | Research | Tech None |
| 8:03 | Build | Archery Range |
| 8:03 | Research | Tech None |
| 8:04 | Research | Tech None |
| 8:08 | Research | Tech None |
| 8:40 | Research | Tech None |
| 8:51 | Create | Skirmisher |
| 9:42 | Build | Farm |
| 10:00 | Build | Archery Range |
| 10:17 | Create | Archer |
| 10:17 | Create | Archer |
| 10:18 | Create | Archer |
| 10:41 | Create | Archer |
| 10:41 | Build | Blacksmith |
| 10:44 | Build | Blacksmith |
| 10:56 | Build | Farm |
| 11:10 | Build | Farm |
| 11:31 | Build | Farm |
| 11:36 | Build | Farm |
| 11:49 | Build | Farm |
| 11:50 | Research | Tech None |
| 12:08 | Build | Mill |
| 13:01 | Build | Farm |
| 13:03 | Research | Tech None |
| 13:15 | Research | Tech None |
| 13:23 | Build | Lumber Camp |
| 13:25 | Build | Lumber Camp |
| 13:44 | Research | Tech None |
| 14:26 | Research | Tech None |
| 14:35 | Build | Archery Range |
| 15:00 | Build | Archery Range |
| 15:19 | Build | Archery Range |
| 15:56 | Research | Tech None |
| 15:56 | Research | Tech None |
| 15:57 | Research | Tech None |
| 15:57 | Build | Town Center |
| 15:58 | Research | Tech None |
| 16:21 | Research | Tech None |
| 16:44 | Build | Town Center |
| 16:59 | Research | Tech None |
| 17:20 | Build | Farm |
| 17:26 | Build | Farm |
| 17:54 | Build | Farm |
| 18:09 | Build | Monastery |
| 18:19 | Build | Farm |
| 18:20 | Build | Farm |
| 18:35 | Build | Farm |
| 18:50 | Build | Market |
| 19:08 | Research | Tech None |
| 19:20 | Build | Farm |
| 19:35 | Build | Farm |
| 19:35 | Build | Farm |
| 19:36 | Build | Farm |
| 19:50 | Build | Farm |
| 19:50 | Build | Farm |
| 20:05 | Build | University |
| 20:27 | Build | Farm |
| 20:33 | Build | Siege Workshop |
| 20:47 | Build | Farm |
| 20:50 | Build | Farm |
| 20:51 | Build | Mining Camp |
| 20:59 | Build | Farm |
| 21:04 | Build | Farm |
| 21:06 | Build | Farm |
| 21:12 | Research | Tech None |
| 21:12 | Build | Farm |
| 21:13 | Create | Monk |
| 21:16 | Build | Farm |
| 21:20 | Build | Farm |
| 21:33 | Build | Lumber Camp |
| 21:41 | Research | Tech None |
| 21:41 | Build | Farm |
| 21:49 | Build | Mining Camp |
| 22:00 | Create | Cavalry Archer |
| 22:04 | Build | Farm |
| 22:06 | Create | Cavalry Archer |
| 22:08 | Research | Tech None |
| 22:11 | Build | Farm |
| 22:20 | Build | Farm |
| 22:31 | Build | Farm |
| 22:39 | Research | Tech None |
| 22:45 | Build | Farm |
| 22:54 | Create | Cavalry Archer |
| 22:58 | Create | Battering Ram |
| 23:09 | Research | Tech None |
| 23:10 | Research | Tech None |
| 23:10 | Build | Lumber Camp |
| 23:21 | Build | Stable |
| 23:45 | Research | Tech None |
| 23:47 | Research | Tech None |
| 23:47 | Research | Tech None |
| 23:57 | Create | Battering Ram |
| 23:57 | Build | Stable |
| 24:05 | Research | Tech None |
| 24:12 | Build | Stable |
| 24:22 | Build | Siege Workshop |
| 24:36 | Build | Farm |
| 24:37 | Build | Farm |
| 24:38 | Build | Farm |
| 24:38 | Build | Farm |
| 24:40 | Build | Farm |
| 24:57 | Build | Farm |
| 24:58 | Build | Farm |
| 25:06 | Build | Castle |
| 25:06 | Build | Farm |
| 25:07 | Build | House |
| 25:08 | Build | House |
| 25:17 | Research | Tech None |
| 25:32 | Build | Farm |
| 25:35 | Build | Town Center |
| 25:42 | Build | Farm |
| 26:03 | Build | Farm |
| 26:13 | Build | Farm |
| 26:13 | Create | Mangudai |
| 26:13 | Build | Farm |
| 26:13 | Create | Mangudai |
| 26:13 | Create | Mangudai |
| 26:22 | Research | Tech None |
| 26:22 | Build | Lumber Camp |
| 26:38 | Build | Barracks |
| 26:46 | Build | Barracks |
| 26:49 | Research | Tech None |
| 26:59 | Create | Battering Ram |
| 26:59 | Build | Lumber Camp |
| 27:18 | Create | Battering Ram |
| 27:18 | Build | Barracks |
| 27:23 | Build | Barracks |
| 27:29 | Build | Barracks |
| 27:49 | Build | Barracks |
| 28:08 | Build | Market |
| 28:08 | Build | Castle |
| 28:09 | Build | Mining Camp |
| 28:14 | Build | Barracks |
| 28:23 | Build | Barracks |
| 28:29 | Build | Stable |
| 28:35 | Build | Market |
| 28:50 | Build | Stable |
| 28:59 | Create | Mangudai |
| 28:59 | Build | Stable |
| 29:00 | Research | Tech None |
Match timeline
| 1:08 | FREDWENSH · wall_segment Palisade Wall x19 |
| 1:38 | LG · wall_segment Palisade Wall x21 |
| 1:43 | LG · wall_segment Palisade Wall x19 |
| 4:18 | FREDWENSH · wall_segment Palisade Wall x16 |
| 4:59 | LG · wall_segment Palisade Wall x14 |
| 6:00 | · first_building Barracks |
| 6:01 | FREDWENSH · wall_segment Palisade Wall x13 |
| 6:26 | LG · wall_segment Palisade Wall x22 |
| 6:28 | · first_building Barracks |
| 6:37 | LG · wall_segment Palisade Wall x14 |
| 7:22 | · first_building Barracks |
| 7:39 | FREDWENSH · wall_segment Palisade Wall x13 |
| 7:42 | · first_building Barracks |
| 8:02 | · first_building Archery Range |
| 8:03 | · first_building Archery Range |
| 9:20 | LG · wall_segment Palisade Wall x23 |
| 9:33 | LG · wall_segment Palisade Wall x15 |
| 9:37 | FREDWENSH · wall_segment Palisade Wall x12 |
| 9:42 | · first_building Stable |
| 10:10 | · first_building Stable |
| 10:56 | LG · age_up feudal |
| 11:07 | LG · wall_segment Stone Wall x6 |
| 11:10 | LG · wall_segment Stone Wall x11 |
| 11:20 | LG · wall_segment Stone Wall x14 |
| 12:01 | AutumnDay · age_up feudal |
| 12:02 | FREDWENSH · wall_segment Stone Wall x12 |
| 12:08 | 眾生平等器 · age_up feudal |
| 12:44 | LG · wall_segment Stone Wall x18 |
| 12:57 | LG · wall_segment Stone Wall x9 |
| 13:00 | FREDWENSH · wall_segment Stone Wall x9 |
| 13:38 | · first_market_sell 100 food |
| 13:39 | · first_market_sell 100 food |
| 13:57 | FREDWENSH · wall_segment Stone Wall x9 |
| 13:58 | LG · wall_segment Stone Wall x17 |
| 14:06 | · first_market_sell 100 wood |
| 14:20 | LG · wall_segment Stone Wall x9 |
| 14:21 | · first_building Monastery |
| 14:38 | FREDWENSH · wall_segment Stone Wall x12 |
| 14:59 | LG · wall_segment Stone Wall x9 |
| 15:22 | FREDWENSH · wall_segment Stone Wall x10 |
| 15:36 | LG · wall_segment Stone Wall x2 |
| 15:38 | AutumnDay · age_up castle |
| 15:40 | · first_building Monastery |
| 16:01 | FREDWENSH · wall_segment Stone Wall x9 |
| 16:20 | LG · wall_segment Stone Wall x11 |
| 16:23 | FREDWENSH · first_building Barracks |
| 16:36 | LG · wall_segment Stone Wall x15 |
| 16:44 | FREDWENSH · wall_segment Stone Wall x9 |
| 17:18 | LG · wall_segment Stone Wall x8 |
| 17:24 | FREDWENSH · wall_segment Stone Wall x9 |
| 17:56 | · first_building Siege Workshop |
| 18:09 | · first_building Monastery |
| 18:16 | LG · wall_segment Stone Wall x15 |
| 18:28 | LG · wall_segment Stone Wall x9 |
| 18:32 | FREDWENSH · wall_segment Stone Wall x12 |
| 19:37 | 眾生平等器 · age_up castle |
| 19:40 | FREDWENSH · wall_segment Stone Wall x7 |
| 19:44 | FREDWENSH · wall_segment Stone Wall x16 |
| 19:47 | LG · wall_segment Stone Wall x7 |
| 19:48 | · first_building Siege Workshop |
| 19:48 | · first_building Siege Workshop |
| 19:49 | LG · wall_segment Stone Wall x7 |
| 20:00 | · first_market_buy 100 food |
| 20:11 | LG · wall_segment Stone Wall x14 |
| 20:18 | FREDWENSH · wall_segment Stone Wall x5 |
| 20:22 | LG · age_up castle |
| 20:33 | · first_building Siege Workshop |
| 21:00 | LG · first_building Monastery |
| 21:06 | · first_building Monastery |
| 21:31 | FREDWENSH · wall_segment Stone Wall x15 |
| 21:33 | LG · wall_segment Stone Wall x7 |
| 21:35 | LG · wall_segment Stone Wall x9 |
| 21:39 | FREDWENSH · wall_segment Stone Wall x5 |
| 21:40 | LG · wall_segment Stone Wall x8 |
| 21:48 | LG · wall_segment Stone Wall x17 |
| 21:51 | LG · wall_segment Stone Wall x17 |
| 22:35 | · first_building Stable |
| 22:36 | FREDWENSH · wall_segment Stone Wall x9 |
| 23:14 | FREDWENSH · wall_segment Stone Wall x13 |
| 23:20 | · first_building Archery Range |
| 23:21 | · first_building Stable |
| 23:33 | FREDWENSH · wall_segment Stone Wall x11 |
| 23:38 | LG · wall_segment Stone Wall x9 |
| 23:43 | LG · wall_segment Stone Wall x11 |
| 24:24 | · first_building Castle |
| 24:25 | 眾生平等器 · first_market_buy 100 wood |
| 24:54 | · first_building Archery Range |
| 24:55 | FREDWENSH · wall_segment Stone Wall x15 |
| 25:04 | · first_building Castle |
| 25:06 | · first_building Castle |
| 25:10 | LG · wall_segment Stone Wall x17 |
| 25:16 | FREDWENSH · wall_segment Stone Wall x10 |
| 25:51 | · first_market_sell 100 wood |
| 25:58 | · first_building Castle |
| 26:41 | LG · wall_segment Stone Wall x17 |
| 26:44 | FREDWENSH · wall_segment Stone Wall x13 |
| 26:56 | FREDWENSH · wall_segment Stone Wall x6 |
| 27:01 | LG · first_building Siege Workshop |
| 27:43 | LG · wall_segment Stone Wall x18 |
| 27:58 | FREDWENSH · wall_segment Stone Wall x14 |
| 29:12 | FREDWENSH · wall_segment Stone Wall x22 |
| 29:14 | FREDWENSH · wall_segment Stone Wall x25 |
| 29:35 | LG · wall_segment Stone Wall x17 |
| 29:37 | FREDWENSH · first_building Monastery |
| 30:01 | AutumnDay · first_building Monastery |
| 30:46 | LG · wall_segment Stone Wall x20 |
| 32:21 | LG · wall_segment Stone Wall x20 |
| 32:41 | FREDWENSH · wall_segment Stone Wall x13 |
| 33:04 | FREDWENSH · first_building Castle |
| 33:53 | AutumnDay · first_building Castle |
| 33:59 | LG · first_building Castle |
| 34:09 | AutumnDay · first_market_buy 100 wood |
| 34:19 | AutumnDay · first_building Barracks |
| 34:24 | LG · wall_segment Stone Wall x18 |
| 34:25 | FREDWENSH · first_building Archery Range |
| 34:42 | FREDWENSH · wall_segment Stone Wall x17 |
| 34:45 | · first_market_buy 100 food |
| 34:50 | LG · first_building Barracks |
| 34:51 | AutumnDay · age_up imperial |
| 35:27 | AutumnDay · first_building Archery Range |
| 35:31 | LG · wall_segment Stone Wall x22 |
| 35:45 | LG · wall_segment Stone Wall x9 |
| 35:48 | LG · wall_segment Stone Wall x7 |
| 35:51 | LG · wall_segment Stone Wall x8 |
| 36:05 | LG · age_up imperial |
| 36:07 | FREDWENSH · wall_segment Stone Wall x10 |
| 36:31 | FREDWENSH · wall_segment Stone Wall x8 |
| 36:48 | · first_market_buy 100 wood |
| 37:05 | 眾生平等器 · first_building Castle |
| 37:08 | FREDWENSH · wall_segment Stone Wall x3 |
| 37:09 | 眾生平等器 · first_building Stable |
| 37:34 | · first_market_buy 100 food |
| 37:34 | LG · wall_segment Stone Wall x19 |
| 37:52 | FREDWENSH · wall_segment Stone Wall x3 |
| 38:21 | FREDWENSH · wall_segment Stone Wall x22 |
| 38:46 | 眾生平等器 · age_up imperial |
| 39:03 | AutumnDay · first_building Siege Workshop |
| 39:55 | LG · first_market_buy 100 stone |
| 40:31 | LG · first_building Stable |
| 40:38 | LG · first_building Archery Range |
| 41:43 | FREDWENSH · wall_segment Stone Wall x13 |
| 42:55 | FREDWENSH · wall_segment Stone Wall x11 |
| 43:51 | FREDWENSH · wall_segment Stone Wall x11 |
| 45:00 | FREDWENSH · wall_segment Stone Wall x12 |
| 45:16 | 眾生平等器 · tribute_sent a jugador 1 |
| 45:16 | 眾生平等器 · tribute_sent a jugador 2 |
| 45:16 | 眾生平等器 · tribute_sent a jugador 3 |
| 45:16 | 眾生平等器 · tribute_sent a jugador 5 |
| 45:16 | 眾生平等器 · tribute_sent a jugador 6 |
| 45:16 | 眾生平等器 · tribute_sent a jugador 7 |
| 45:16 | 眾生平等器 · tribute_sent a jugador 8 |
| 46:54 | FREDWENSH · wall_segment Stone Wall x12 |
| 48:03 | FREDWENSH · wall_segment Stone Wall x20 |
| 48:24 | FREDWENSH · first_building Stable |
| 54:20 | 眾生平等器 · first_building Siege Workshop |
| 58:02 | AutumnDay · wall_segment Stone Wall x4 |
| 58:04 | AutumnDay · wall_segment Stone Wall x8 |
| 59:10 | AutumnDay · wall_segment Stone Wall x2 |
| 59:11 | AutumnDay · wall_segment Stone Wall x8 |
| 59:20 | AutumnDay · wall_segment Stone Wall x2 |
| 59:24 | AutumnDay · wall_segment Stone Wall x3 |
| 59:25 | AutumnDay · wall_segment Stone Wall x1 |
| 59:25 | AutumnDay · wall_segment Stone Wall x3 |
| 59:46 | FREDWENSH · resign |
| 60:19 | AutumnDay · wall_segment Stone Wall x6 |
[ AI ANALYSIS · 1 CREDIT ]
What really happened in this match?
Wolo.gg analyzes every decision: build order, eco, micro, common mistakes by bracket. Personalized analysis on WhatsApp or Discord in 30 seconds.
Civ guide
Persians
Perfil
Jugador #22248064